 Dungeon Crawl Stone Soup version 0.31.0-9-g3a7656b989 (webtiles) character file.

Game seed: 11040839758411006009

153 qw the Shooter (level 4, -2/36 HPs)
             Began as a Demigod Hunter on Feb 2, 2024.
             Incinerated by a bombardier beetle (5 damage)
             ... with a burning spray
             ... on level 3 of the Dungeon.
             The game lasted 00:00:06 (1385 turns).

qw the Shooter (Demigod Hunter)                     Turns: 1385, Time: 00:00:07

Health: -2/36      AC:  5    Str: 12    XL:     4   Next: 88%
Magic:  6/6        EV: 11    Int: 11    God:
Gold:   60         SH:  0    Dex: 21    Spells: 3/3 levels left

rFire   . . .        a - +0 shortbow
rCold   . . .        (shield currently unavailable)
rNeg    . . .        g - +0 ring mail
rPois   .            (no helmet)
rElec   .            (no cloak)
rCorr   .            (no gloves)
SInv    .            (no boots)
Will    .....        (no amulet)
Stlth   +            (no ring)
HPRegen 0.26/turn    (no ring)
MPRegen 0.10/turn

%: no passive effects
@: on fire, glowing
A: high MP 1, forlorn, divine attributes
a: no special abilities


You were on level 3 of the Dungeon.
You visited 1 branch of the dungeon, and saw 3 of its levels.

You collected 60 gold pieces.


Innate Abilities, Weirdness & Mutations

You have an increased reservoir of magic. (+10% MP)
You shall have no god before yourself.
Your divine heritage dramatically boosts your attributes as you level up.


   Skills:
 - Level 2.0 Fighting
 + Level 5.3 Ranged Weapons
 - Level 1.4 Armour
 - Level 2.1 Dodging
 - Level 0.8 Stealth


You had 3 spell levels left.
You didn't know any spells.
Your spell library was empty.

Inventory:

Hand Weapons
 a - a +0 shortbow (weapon)
Armour
 g - a +0 ring mail (worn)
Potions
 e - 4 potions of curing
 f - a potion of resistance
 h - a potion of attraction {unknown}
 i - a potion of brilliance {unknown}

Dungeon Overview and Level Annotations

Branches:
Dungeon (3/15)

Shops:
D:2 :

Annotations:
D:1 1 transporter


Message History

The arrow hits the bombardier beetle!
The bombardier beetle is moderately wounded.
You shoot an arrow.
The arrow closely misses the ball python.
You shoot an arrow. The arrow hits the ball python.
The ball python is moderately wounded.
You shoot an arrow. The arrow hits the ball python!
You kill the ball python!
You shoot an arrow. The arrow hits the bombardier beetle.
The bombardier beetle is heavily wounded.
You shoot an arrow. The arrow hits the bombardier beetle.
The bombardier beetle is severely wounded.
You shoot an arrow.
The arrow hits the bombardier beetle but does no damage.
The bombardier beetle is severely wounded.
The bombardier beetle sprays incendiary fluid at you.
The burning spray hits you.
You are covered in liquid fire!
You shoot an arrow.
The arrow barely misses the bombardier beetle.
The liquid fire burns you!
The bombardier beetle sprays incendiary fluid at you.
The burning spray hits you.
You are even more covered in liquid fire!
You shoot an arrow. The arrow hits the bombardier beetle.
You kill the bombardier beetle!
The liquid fire burns you!
You are on fire!
The liquid fire burns you!
You are on fire!
The liquid fire burns you!
You are on fire!
The liquid fire burns you!
You are on fire!
The liquid fire burns you!
You are on fire!
The liquid fire burns you!
You are on fire!
The liquid fire burns you!
You die...

##.####.#.# #
.....#...#.#
####.#.#.#.#.#
#............
#.##...#.#.#######
.......<..........
#.######......)#
#..........#.#
#%####.#@#.#
#.!...# #.#.###
...... ..#.#.#
...)#.... ... ...
#. #.#


There were no monsters in sight!

Vanquished Creatures
  A bombardier beetle (D:3)
  A jelly (D:3)
  An adder (D:2)
  3 gnolls (D:2)
  2 dart slugs
  6 endoplasms
  4 giant cockroaches
  6 goblins
  3 hobgoblins (D:2)
  2 quokkas (D:2)
  4 ball pythons
  4 bats
  3 frilled lizards
  3 kobolds
  6 rats
49 creatures vanquished.

Notes
Turn   | Place    | Note
-------+----------+-------------------------------------------
     0 | D:1      | qw the Demigod Hunter began the quest for the Orb.
     0 | D:1      | Reached XP level 1. HP: 17/17 MP: 3/3
     0 | D:1      | 0 ||| qw: Version: 0.3-a-155-g5e7d8dd
     0 | D:1      | 0 ||| qw: Game counter: 464
     0 | D:1      | 0 ||| qw: Melee chars always use a shield: true
     0 | D:1      | 0 ||| qw: God list: Okawaru
     0 | D:1      | 0 ||| qw: Allow faded altars: false
     0 | D:1      | 0 ||| qw: Do Orc after clearing Dungeon:15 true
     0 | D:1      | 0 ||| qw: Do second Lair branch before Depths: true
     0 | D:1      | 0 ||| qw: Lair rune preference: random
     0 | D:1      | 0 ||| qw: Goals: Normal
     0 | D:1      | 0 ||| PLANNING D:1-11
   202 | D:1      | Reached skill level 4 in Ranged Weapons
   208 | D:1      | Reached XP level 2. HP: 21/24 MP: 4/4
   477 | D:1      | 477 ||| READING scroll labelled TOQUIT ZAIMAO.
   478 | D:1      | 478 ||| READING scroll labelled FOWNIH FUBREGRO.
   479 | D:1      | 479 ||| READING scroll labelled ECWIOSUAMA.
   480 | D:1      | 480 ||| DRINKING 3 yellow potions.
   481 | D:1      | 481 ||| DROPPING scroll of butterflies.
   483 | D:1      | 483 ||| Stepping ~*~*~tactically~*~*~ (cloud).
   488 | D:1      | HP: 6/24 [poisoned by you (poison gas)]
   840 | D:2      | 840 ||| FLEEEEING.
   841 | D:2      | 841 ||| FLEEEEING.
   883 | D:2      | Reached XP level 3. HP: 29/29 MP: 5/5
   957 | D:2      | 957 ||| FLEEEEING.
   958 | D:2      | 958 ||| FLEEEEING.
  1034 | D:2      | Reached skill level 5 in Ranged Weapons
  1034 | D:2      | Reached XP level 4. HP: 35/36 MP: 6/6
  1188 | D:2      | Found Buxkowig's Book Emporium.
  1295 | D:2      | 1295 ||| UPGRADING to +0 ring mail.
  1305 | D:2      | 1305 ||| DROPPING +0 leather armour.
  1306 | D:2      | 1306 ||| READING 2 scrolls labelled ILEOLOSABE.
  1307 | D:2      | 1307 ||| READING scroll labelled UREMI HINT.
  1307 | D:2      | 1307 ||| IDENTIFYING fuming brown potion
  1308 | D:2      | 1308 ||| DROPPING scroll of immolation.
  1330 | D:3      | Reached skill level 1 in Armour
  1383 | D:3      | HP: 5/36 [burnt (6)]
  1385 | D:3      | Incinerated by a bombardier beetle

Levels and vault maps discovered:
D:1:      spicycebolla_arrival_risky_transporter, layout_basic,
          serial_bayou_lagoon_b
D:2:      layout_basic, basic_altar, serial_shops, nicolae_shop_waterfront,
          minivault_4
D:3:      layout_basic, lemuel_crystal_altar

Skill      XL: |  1  2  3  4 |
---------------+-------------+-----
Ranged Weapons | 4 5 |  5.3
Fighting       | 2 |  2.0
Dodging        | 2 |  2.1
Armour         | 1 |  1.4
Stealth        | |  0.8

Action                     |  1- 3 |  4- 6 || total
---------------------------+-------+-------++-------
   Fire: Shortbow          |   108 |    26 ||   134
    Use: Scroll            |     3 |     2 ||     5
         Potion            |     1 |       ||     1
 Armour: Leather armour    |    14 |     1 ||    15
         Ring mail         |       |     1 ||     1
  Dodge: Dodged            |    20 |       ||    20

Table legend:
 A = Non-vault XP
 B = Vault XP
 C = Vault XP percentage of total XP
 D = Non-vault monster count
 E = Vault monster count
 F = Vault count percentage of total count
                 A         B        C        D         E       F
            +---------+---------+-------+---------+---------+-------
      Total |     219 |       0 |   0.0 |      49 |       0 |   0.0
            +---------+---------+-------+---------+---------+-------
        D:1 |      26 |       0 |   0.0 |      16 |       0 |   0.0
        D:2 |      97 |       0 |   0.0 |      27 |       0 |   0.0
        D:3 |      96 |       0 |   0.0 |       6 |       0 |   0.0
            +---------+---------+-------+---------+---------+-------
